 Dungeon Crawl Stone Soup version 0.31-a0-960-g0fca184906 (webtiles) character file.

Game seed: 12646517652664680163

3821 ytrimaz the Covert (level 10, -2/54 (58) HPs)
             Began as an Octopode Shapeshifter on Oct 23, 2023.
             Was an Initiate of Ashenzari.
             Slain by a wight
             ... wielding a +1 spear
              (11 damage)
             ... on level 9 of the Dungeon.
             The game lasted 00:12:57 (10219 turns).

ytrimaz the Covert (Octopode Shapeshifter)         Turns: 10219, Time: 00:12:57

HP:   -2/54 (58)    AC:  1    Str: 15    XL:     10   Next: 17%
MP:   10/10         EV: 17    Int: 12    God:    Ashenzari [......]
Gold: 454           SH:  0    Dex: 15    Spells: 9/9 levels left

rFire   . .          .
                       - Unarmed
rCold   + . .        (no shield)
rNeg    . . .        (helmet currently unavailable)
rPois   .            (no amulet)
rElec   .            p - ring of protection from cold
rCorr   .            (no ring)
SInv    .            (no ring)
Will    .....        (no ring)
Stlth   ++++++       (no ring)
HPRegen 0.29/turn    (no ring)
MPRegen 0.12/turn    (no ring)
                     (no ring)

%: no passive effects
@: about to teleport, beast-form, drained
A: beast (slay +4), almost no armour, amphibious, 8 rings, camouflage 1,
gelatinous body 1, (nimble swimmer 1), tentacles
a: Begin Untransformation, Renounce Religion


You were on level 9 of the Dungeon.
You worshipped Ashenzari.
Ashenzari was noncommittal.
You were a hulking beast.
You visited 2 branches of the dungeon, and saw 10 of its levels.

You collected 454 gold pieces.


Innate Abilities, Weirdness & Mutations

You are a hulking beast.
Your limbs bulge with bestial killing power. (Slay +4)
You cannot wear most types of armour.
You are amphibious.
You can wear up to eight rings at the same time.
Your skin changes colour to match your surroundings (Stealth+).
Your rubbery body absorbs attacks. (AC +1, EV +1)
((You are camouflaged when in or above water. (Stealth+)))
You have tentacles for arms and can constrict up to eight enemies at once.


   Skills:
 - Level 1.0 Fighting
 + Level 8.4 Dodging
 + Level 11.3 Stealth
 + Level 3.8 Unarmed Combat
 + Level 8.2 Shapeshifting


You had 9 spell levels left.
You didn't know any spells.
Your spell library contained the following spells:

 Spells                   Type           Power      Damage    Failure   Level
 Apportation              Tloc           0%         N/A       32%         1
 Freeze                   Ice            0%         1d3       32%         1
 Slow                     Hex            0%         N/A       32%         1
 Blink                    Tloc           0%         N/A       45%         2
 Jinxbite                 Hex            0%         N/A       45%         2
 Lesser Beckoning         Tloc           0%         N/A       45%         2
 Momentum Strike          Conj/Tloc      0%         3d8       45%         2
 Confusing Touch          Hex            0%         N/A       69%         3
 Frozen Ramparts          Ice            0%         1d1       69%         3
 Hailstorm                Conj/Ice       0%         3d3       69%         3
 Sigil of Binding         Hex            0%         N/A       69%         3
 Vampiric Draining        Necr           0%         2d6       69%         3
 Animate Dead             Necr           0%         N/A       97%         4
 Manifold Assault         Tloc           0%         N/A       97%         4
 Alistair's Intoxication  Tmut/Pois      0%         N/A       100%        5
 Dispersal                Tloc           0%         N/A       100%        6
 Haunt                    Necr/Summ      0%         N/A       100%        7
 Disjunction              Tloc           0%         N/A       100%        8
 Infestation              Necr           0%         N/A       100%        8

Inventory:

Missiles
 x - 2 throwing nets
Jewellery
 p - a ring of protection from cold (left tentacle)
   (You found it on level 2 of the Dungeon)
Talismans
 b - a beast talisman
 c - a flux talisman
Wands
 v - a wand of acid (3) (quivered)
   (You found it on level 6 of the Dungeon)
 A - a wand of flame (18)
   (You found it on level 8 of the Dungeon)
Scrolls
 a - a scroll of brand weapon {unknown}
 d - a scroll of immolation {unknown}
 f - 3 scrolls of blinking {unknown}
 g - a scroll of revelation {unknown}
 h - 2 scrolls of silence
 i - 2 scrolls of enchant weapon {unknown}
 k - a scroll of teleportation
 m - a scroll of vulnerability {unknown}
 n - a scroll of fog {unknown}
 o - 2 scrolls of noise {unknown}
 q - 3 scrolls of fear {unknown}
 r - 4 scrolls of enchant armour
 s - 2 scrolls of amnesia
 y - 2 scrolls of identify
Potions
 e - a potion of brilliance {unknown}
 j - 2 potions of resistance
 l - 3 potions of mutation
 t - 2 potions of invisibility {unknown}
 u - a potion of magic {unknown}
 w - 2 potions of heal wounds {unknown}
 z - 2 potions of degeneration {unknown}

Dungeon Overview and Level Annotations

Branches:
Dungeon (9/15) Zot: 26982  Temple (1/1) D:6 Zot: 5998
   Lair: D:8-11         Orc: D:9-12

Altars:
Ashenzari
Cheibriados
Dithmenos
Fedhas
Gozag
Hepliaklqana
Kikubaaqudgha
Nemelex Xobeh
Okawaru
Qazlal
Ru
Sif Muna
Trog
Uskayaw
Vehumet
Wu Jian
Xom
Yredelemnul
Zin
The Shining One

Annotations:
D:8 1 exclusion

##########
#........# .
#........# ...
#........#
.....##........#
.>.....h.z.....#
.....##..z.....#
..# #####.####
##)####..
.#######.........
.......<.........
................#
##......#.#######
#......#..#


You could see 2 wights.


Message History

You now have 454 gold pieces (gained 7).
Key pressed, stopping explore.
You see here a +0 lajatang.
You see here a +0 pair of gloves.
An orc comes into view.
It is wielding a +1 short sword of holy wrath.
No target in view!
No target in view!
No target in view!
No target in view!
Key pressed, stopping explore.
No target in view!
Partly explored, can't reach some items and places.
No target in view!
Partly explored, can't reach some items and places.
No target in view!
Partly explored, can't reach some items and places.
No target in view!
Partly explored, can't reach some items and places.
Partly explored, can't reach some items and places.
Partly explored, can't reach some items and places.
An orc is nearby!
You can't go down here!
Unknown command.
No target in view!
No target in view!
Unknown command.
No target in view!
No target in view!
No target in view!
No target in view!
No target in view!
No target in view!
Partly explored, can't reach some items and places.
Partly explored, can't reach some items and places.
Partly explored, can't reach some items and places.
No target in view!
There is a stone staircase leading down here.
You climb downwards.
There is a stone staircase leading up here.
Unknown command.
The bullfrog misses you.
You bludgeon the bullfrog! Your grab misses the bullfrog.
The bullfrog hits you. 😕 HP[-5]
You take 5 damage, and now have 53/58 hp.
You completely miss the bullfrog. Your grab misses the bullfrog.
You squeeze the bullfrog!
The bullfrog hits you but does no damage. 😕 HP[+1]
You closely miss the bullfrog. Your grab misses the bullfrog.
You squeeze the bullfrog.
You kill the bullfrog!
You tentacle-slap the wight. You grab the wight. You constrict the wight.
The wight barely misses you. The wight misses you.
You bludgeon the wight! You constrict the wight. The wight closely misses you.
The wight hits you with a +3 dagger! 😕 HP[-8]
You take 8 damage, and now have 46/58 hp.
You bludgeon the wight!
You destroy the wight!
The wight hits you from afar with a +1 spear. 😮 HP[-4]
You take 4 damage, and now have 42/58 hp.
Unknown command.
The wight misses you. The wight barely misses you.
Things that are here:
a +3 dagger; a +0 robe; a bullfrog corpse The wight misses you.
The wight attacks as it pursues you!
The wight hits you with a +0 dire flail! 😮 HP[-11]
You take 11 damage, and now have 31/58 hp.
The wight attacks as it pursues you! The wight barely misses you.
The wight barely misses you.
Found a stone staircase leading down.
The wight hits you with a +0 dire flail!
* * * LOW HITPOINT WARNING * * *
You feel drained.
* * * LOW HITPOINT WARNING * * *
😨 HP[-12]
You now have 56 max hp (-2).
You take 12 damage, and now have 19/56 hp.
MASSIVE DAMAGE!! (PAUSE)
As you read the scroll of teleportation, it crumbles to dust.
You feel strangely unstable.
The wight hits you from afar with a +1 spear!
* * * LOW HITPOINT WARNING * * *
You feel drained.
* * * LOW HITPOINT WARNING * * *
The wight closely misses you. 😱 HP[-10]
You now have 54 max hp (-2).
You take 10 damage, and now have 9/54 hp.
Unknown command.
Okay, then.
Unknown command.
Unknown command.
The wight attacks as it pursues you!
The wight hits you from afar with a +1 spear!
You die...

Skill      XL: |  1  2  3  4  5  6  7  8  9 10 |
---------------+-------------------------------+-----
Stealth        | 1 2 3 4 5 7 8 10 11 | 11.3
Dodging        | 3 4 5 6 8 |  8.4
Shapeshifting  | 4 5 6 7 8 |  8.2
Fighting       | |  1.0
Unarmed Combat | |  3.8

Action                     |  1- 3 |  4- 6 |  7- 9 | 10-12 || total
---------------------------+-------+-------+-------+-------++-------
  Melee: Unarmed           |    66 |   171 |   268 |    52 ||   557
         Constrict         |    10 |    45 |    57 |    13 ||   125
         Tentacles         |     7 |    37 |    74 |    15 ||   133
         Punch             |     1 |     7 |    14 |     2 ||    24
  Evoke: Wand              |       |       |     5 |       ||     5
    Use: Potion            |     1 |       |     8 |       ||     9
         Scroll            |       |       |     8 |     1 ||     9
   Stab: Sleeping          |     3 |    19 |     8 |     2 ||    32
         Distracted        |       |       |     2 |       ||     2
 Armour: Skin              |    39 |    61 |   146 |    28 ||   274
  Dodge: Dodged            |    46 |    80 |   214 |    39 ||   379

Levels and vault maps discovered:
D:1:      ncdulo_smallfort, layout_loops_ring,
          shapermc_ecumenical_altar_mp_ritualfount
D:2:      layout_loops_ring, uniq_robin
D:3:      layout_loops_corners, kennysheep_small_spiral, grunt_ministairs_8,
          uniq_jessica
D:4:      layout_basic
D:5:      layout_rooms, chequers_serial_rivers_large_a, due_unseen_surprise
D:6:      minmay_general_purpose_star, layout_cave_pools, lemuel_crystal_altar,
          temple_hall, uniq_sigmund
D:7:      layout_rooms, mainiacjoe_overflow_24_doors,
          mainiacjoe_overflow_catwalk, uniq_menkaure
D:8:      minmay_the_grid_triangle_9x9_rhombus_thin
          [minmay_the_grid_triangle_9x9_odd_lines,
          minmay_the_grid_triangle_9x9_prize_top_heavy,
          minmay_the_grid_triangle_9x9_dagger,
          minmay_the_grid_triangle_9x9_checkered], layout_loops_cross,
          ashenzari_altar_1, mainiacjoe_overflow_alcove_1,
          mainiacjoe_overflow_tiny_flanked, wad_dig_loot
D:9:      layout_basic, demons_altar, elyvilon_altar_4, dpeg_oklobed_lair,
          minmay_chambers_of_fives, uniq_maggie
Temple:   nicolae_temple_ecumenical_triangle

Notes
Turn   | Place    | Note
-------+----------+-------------------------------------------
     0 | D:1      | ytrimaz the Octopode Shapeshifter began the quest for the
                  | Orb.
     0 | D:1      | Reached XP level 1. HP: 13/13 MP: 1/1
     0 | D:1      | magus.rc [v1.9.6]
    84 | D:1      | Reached skill level 1 in Stealth
    90 | D:1      | Reached XP level 2. HP: 13/18 MP: 2/2
   137 | D:1      | Found a faded altar of an unknown god.
   308 | D:1      | Reached skill level 2 in Stealth
   308 | D:1      | Reached XP level 3. HP: 19/23 MP: 3/3
   781 | D:2      | Noticed Robin
   799 | D:2      | Reached XP level 4. HP: 28/28 MP: 4/4
   806 | D:2      | Reached skill level 3 in Dodging
   815 | D:2      | Killed Robin
   816 | D:2      | Reached skill level 3 in Stealth
  1159 | D:2      | You pick up a book of Spatial Translocations and begin
                  | reading...
  1159 | D:2      | You add the spells Blink, Momentum Strike and Lesser
                  | Beckoning to your library.
  1699 | D:3      | Noticed Jessica
  1702 | D:3      | Killed Jessica
  1703 | D:3      | Reached XP level 5. HP: 33/33 MP: 5/5
  2176 | D:3      | Identified the +8 trident of Ambiguity {venom, rElec rF-
                  | rN++ Dex-5}
  2188 | D:3      | Reached skill level 4 in Shapeshifting
  2277 | D:3      | Reached skill level 4 in Stealth
  2656 | D:4      | You pick up a book of Party Tricks and begin reading...
  2656 | D:4      | You add the spells Apportation, Jinxbite and Alistair's
                  | Intoxication to your library.
  3073 | D:4      | Reached XP level 6. HP: 33/38 MP: 6/6
  3075 | D:4      | Reached skill level 4 in Dodging
  3414 | D:5      | Entered Level 5 of the Dungeon
  3450 | D:5      | Noticed a black bear
  3459 | D:5      | Killed a black bear
  3460 | D:5      | Reached skill level 5 in Stealth
  3758 | D:5      | Reached XP level 7. HP: 35/43 MP: 7/7
  3915 | D:5      | You pick up a book of Death and begin reading...
  3915 | D:5      | You add the spells Animate Dead, Haunt and Infestation to
                  | your library.
  3955 | D:5      | Reached skill level 6 in Stealth
  4016 | D:5      | Reached skill level 5 in Shapeshifting
  4043 | D:5      | Reached skill level 5 in Dodging
  4444 | D:6      | HP: 10/43 [hound (4)]
  4695 | D:6      | magus.rc [v1.9.6]
  4701 | D:6      | Reached skill level 7 in Stealth
  4701 | D:6      | Reached XP level 8. HP: 34/48 MP: 8/8
  4898 | D:6      | HP: 11/48 [gnoll/+0 whip[a gnoll bouda] (5)]
  5206 | D:6      | Reached skill level 6 in Dodging
  5309 | D:6      | Reached skill level 8 in Stealth
  5309 | D:6      | Reached skill level 6 in Shapeshifting
  5396 | D:6      | Noticed Sigmund
  5405 | D:6      | Killed Sigmund
  5413 | D:6      | You pick up a book of the Warp and begin reading...
  5413 | D:6      | You add the spells Manifold Assault, Dispersal and
                  | Disjunction to your library.
  5479 | D:6      | Found a hide-covered altar of Uskayaw.
  5869 | D:6      | Reached XP level 9. HP: 42/53 MP: 9/9
  5880 | D:6      | HP: 9/53 [gnoll/+2 heavy spear[a gnoll bouda] (10)]
  6422 | D:6      | Found a staircase to the Ecumenical Temple.
  6431 | Temple   | Entered the Ecumenical Temple
  6474 | D:6      | HP: 12/53 [sky beast (5)]
  6478 | D:6      | Reached skill level 9 in Stealth
  7164 | D:6      | Reached skill level 7 in Shapeshifting
  7276 | D:6      | Reached skill level 7 in Dodging
  7786 | D:6      | HP: 12/51 [wight/+5 flail (13)]
  7790 | D:6      | HP: 4/49 [wight/+5 short sword (6)]
  8101 | D:7      | Found a bloodstained altar of Trog.
  8197 | D:7      | Identified the +7 battleaxe of Starshine {speed, rN+ Str-4
                  | Dex+3}
  8337 | D:7      | Found a glowing silver altar of Zin.
  8349 | D:7      | Reached skill level 10 in Stealth
  8416 | D:7      | Noticed Menkaure
  8420 | D:7      | Killed Menkaure
  8633 | D:8      | Found a hazy altar of Hepliaklqana.
  8805 | D:8      | HP: 9/53 [orc warrior/+0 dire flail (14)]
  8810 | D:8      | HP: 3/53 [orc warrior/+0 dire flail (17)]
  9006 | D:8      | Found a broken altar of Ashenzari.
  9015 | D:8      | Became a worshipper of Ashenzari the Shackled
  9041 | D:8      | Reached skill level 8 in Dodging
  9106 | D:8      | HP: 11/49 [wight/+4 trident (7)]
  9112 | D:8      | Reached XP level 10. HP: 8/56 MP: 10/10
  9292 | D:8      | Reached skill level 8 in Shapeshifting
  9303 | D:8      | Reached skill level 11 in Stealth
  9550 | D:8      | Found a shadowy altar of Dithmenos.
  9597 | D:8      | You pick up a book of Frost and begin reading...
  9597 | D:8      | You add the spells Freeze, Frozen Ramparts and Hailstorm to
                  | your library.
  9694 | D:8      | Noticed a two-headed ogre
  9694 | D:8      | Noticed a centaur warrior
  9694 | D:8      | Noticed a cyclops
  9861 | D:8      | You pick up a book of Debilitation and begin reading...
  9861 | D:8      | You add the spells Slow, Sigil of Binding, Vampiric
                  | Draining and Confusing Touch to your library.
  9919 | D:8      | Noticed a manticore
 10218 | D:9      | HP: 12/56 [wight/+1 spear (8)]
 10219 | D:9      | Slain by a wight

Vanquished Creatures
  Sigmund (D:6)
  A wyvern (D:8)
  Menkaure (D:7)
  2 sky beasts (D:6)
  4 orc warriors
  4 black bears
  2 ice beasts
  3 ogres
  2 centaurs
  3 kobold brigands
  5 bullfrogs
  8 wights
  4 hounds
  2 jellies (D:6)
  3 orc priests
  Jessica (D:3)
  3 gnoll boudas
  3 iguanas
  2 orc wizards
  Robin (D:2)
  16 gnolls
  6 adders
  3 white imps
  3 worms
  A dart slug (D:2)
  44 orcs
  6 ball pythons
  8 endoplasms
  3 giant cockroaches
  11 hobgoblins
  11 jackals
  2 quokkas
  7 bats
  3 frilled lizards
  13 goblins
  18 kobolds
  5 rats
215 creatures vanquished.

Table legend:
 A = Non-vault XP
 B = Vault XP
 C = Vault XP percentage of total XP
 D = Non-vault monster count
 E = Vault monster count
 F = Vault count percentage of total count
                 A         B        C        D         E       F
            +---------+---------+-------+---------+---------+-------
      Total |    4355 |    1104 |  20.2 |     190 |      25 |  11.6
            +---------+---------+-------+---------+---------+-------
        D:1 |      51 |       0 |   0.0 |      24 |       0 |   0.0
        D:2 |      67 |      35 |  34.3 |      22 |      11 |  33.3
        D:3 |      55 |      41 |  42.7 |      25 |       3 |  10.7
        D:4 |     122 |       0 |   0.0 |      23 |       0 |   0.0
        D:5 |     627 |       0 |   0.0 |      18 |       0 |   0.0
        D:6 |    1512 |     608 |  28.7 |      38 |       5 |  11.6
        D:7 |     607 |     175 |  22.4 |      10 |       1 |   9.1
        D:8 |    1160 |     245 |  17.4 |      28 |       5 |  15.2
        D:9 |     154 |       0 |   0.0 |       2 |       0 |   0.0
            +---------+---------+-------+---------+---------+-------

Skill      XL: |  1  2  3  4  5  6  7  8  9 10 |
---------------+-------------------------------+-----
Stealth        | 1 2 3 4 5 7 8 10 11 | 11.3
Dodging        | 3 4 5 6 8 |  8.4
Shapeshifting  | 4 5 6 7 8 |  8.2
Fighting       | |  1.0
Unarmed Combat | |  3.8

Action                     |  1- 3 |  4- 6 |  7- 9 | 10-12 || total
---------------------------+-------+-------+-------+-------++-------
  Melee: Unarmed           |    66 |   171 |   268 |    52 ||   557
         Constrict         |    10 |    45 |    57 |    13 ||   125
         Tentacles         |     7 |    37 |    74 |    15 ||   133
         Punch             |     1 |     7 |    14 |     2 ||    24
  Evoke: Wand              |       |       |     5 |       ||     5
    Use: Potion            |     1 |       |     8 |       ||     9
         Scroll            |       |       |     8 |     1 ||     9
   Stab: Sleeping          |     3 |    19 |     8 |     2 ||    32
         Distracted        |       |       |     2 |       ||     2
 Armour: Skin              |    39 |    61 |   146 |    28 ||   274
  Dodge: Dodged            |    46 |    80 |   214 |    39 ||   379

Illustrated notes

Table legend:
 A = Kills in this place as a percentage of kills in the entire game.
 B = Kills by you in this place as a percentage of kills by you in the entire game.
 C = Kills by friends in this place as a percentage of kills by friends in the entire game.
 D = Other kills in this place as a percentage of other kills in the entire game.
 E = Experience gained in this place as a percentage of experience gained in the entire game.
 F = Experience gained in this place divided by the number of levels of this place that you have seen.
                   A       B       C       D       E      F
               +-------+-------+-------+-------+-------+----------------------
         Total | 100.0 | 100.0 |   N/A |   N/A | 100.0 | 545.9
       Dungeon | 100.0 | 100.0 |   N/A |   N/A | 100.0 | 606.6
               +-------+-------+-------+-------+-------+----------------------

Table legend: (Time is in decaauts)
 A = Elapsed time spent in this place.
 B = Non-inter-level travel time spent in this place.
 C = Inter-level travel time spent in this place.
 D = Time resting spent in this place.
 E = Time spent auto-exploring this place.
 F = Levels seen in this place.
 G = Mean time per level.
                   A        B        C        D        E       F      G
               +--------+--------+--------+--------+--------+-----+--------+
         Total |  10141 |   9667 |    474 |   1703 |   6198 |  10 | 1014.1 |
       Dungeon |  10139 |   9665 |    474 |   1703 |   6198 |   9 | 1126.6 |
        Temple |      1 |      1 |      0 |      0 |      0 |   1 |    1.0 |
               +--------+--------+--------+--------+--------+-----+--------+

Top non-repeatable levels by time:
     D:6: 2870 daAuts
     D:8: 1600 daAuts
     D:5: 1476 daAuts
     D:3: 989 daAuts
     D:2: 845 daAuts
     D:4: 835 daAuts
     D:7: 774 daAuts
     D:1: 731 daAuts
     D:9: 16 daAuts
  Temple: 1 daAuts
